 Dungeon Crawl Stone Soup version 0.14-a0-1626-g054e7ae (webtiles) character file.

89 M4edhros the Sneak (level 2, 0/18 HPs)
             Began as an Octopode Artificer on Dec 26, 2013.
             Slain by a goblin
             ... wielding a +0,+0 club
              (5 damage)
             ... on Level 2 of the Dungeon.
             The game lasted 00:01:37 (1065 turns).

M4edhros the Sneak (Octopode Artificer)             Turns: 1065, Time: 00:01:37

HP   0/18        AC  1     Str 10      XL: 2   Next: 91%
MP   0/3         EV 12     Int 14      God:
Gold 67          SH  0     Dex 12      Spells:  0 memorised,  1 level left

rFire  . . .     SeeInvis .     k - +1,+2 dagger (drain)
rCold  . . .     Clarity  .     (no shield)
rNeg   . . .     Conserve .     (helmet restricted)
rPois  .         rCorr    .     t - amulet of guardian spirit
rElec  .         rRot     .     (no ring)
SustAb . .       Spirit   +     (no ring)
rMut   .         Warding  .     (no ring)
Saprov . . .     Stasis   .     (no ring)
                                (no ring)
                                (no ring)
                                (no ring)
                                (no ring)

@: drained, not resistant to hostile enchantments, quite stealthy
A: almost no armour, amphibious, 8 rings, constrict 8, camouflage 1, gelatinous
body 1
a: no special abilities


You were on level 2 of the Dungeon.
You were not hungry.

You visited 1 branch of the dungeon, and saw 2 of its levels.

You collected 67 gold pieces.

Inventory:

Hand weapons
 a - a +0,+0 short sword
 k - a +1,+2 dagger of draining (weapon)
Magical devices
 b - a wand of flame (15)
 c - a wand of enslavement (14)
 d - a wand of random effects (15)
 e - a wand of flame (8)
Comestibles
 f - 2 bread rations
 g - 2 chokos
 h - an apple
 l - a banana
 o - 4 meat rations
Scrolls
 i - a scroll of blinking {unknown}
 j - a scroll of immolation {unknown}
 m - a scroll of identify {unknown}
 p - a scroll of teleportation {unknown}
 q - a scroll of noise {unknown}
 r - a scroll of curse armour {unknown}
 s - a scroll of enchant weapon I {unknown}
Jewellery
 t - an amulet of guardian spirit (around mantle)


   Skills:
 - Level 1.0(0.9) Fighting
 - Level 1.0(0.9) Short Blades
 - Level 2.0(1.9) Dodging
 + Level 4.0(3.9) Stealth
 - Level 3.2(3.1) Evocations


You had one spell level left.
You didn't know any spells.

Dungeon Overview and Level Annotations

Branches:
Dungeon (2/16)

Altars:
Vehumet


Innate Abilities, Weirdness & Mutations

You cannot wear most types of armour.
You are amphibious.
You can wear up to eight rings at the same time.
You can use your tentacles to constrict many enemies at once.
Your skin changes colour to match your surroundings (Stlth).
Your rubbery body absorbs attacks (AC +1).


Message History

You barely miss the adder. Your grab misses the adder.
Your squeeze misses the adder.
The adder is moderately wounded.
The adder barely misses you. The goblin hits you with a club.
You miss the adder. Your grab misses the adder. Your squeeze misses the adder.
The adder is moderately wounded.
The adder bites you. The goblin barely misses you. The adder bites you.
* * * LOW HITPOINT WARNING * * *
You are too injured to fight recklessly!
Drink which item? (? for menu, Esc to quit)
You feel better.
It was a potion of curing.
The adder misses you. The goblin hits you with a club.
* * * LOW HITPOINT WARNING * * *
Evoke which item? (* to show all) (? for menu, Esc to quit)
Zapping:
c - a wand of enslavement (15)
Press: ? - help, Shift-Dir - straight line, f - adder
Aim: an adder (moderately wounded)
The adder is charmed.
This wand has 14 charges left.
The goblin hits you with a club.
You die...

...........%......#
.#########.######.#
.####### #.######.#
.......# #........#
...###.###.#####..#
...........#
#..#######
....##.#####
#........# .##.##.#
#........# #...##.#
#@.......# #.####.#
#gS......# ..# #.#
#...(.... ### #.#
#........ ..#
##....!.. # ##..##
..# (.


You could see a goblin and a friendly adder.

Vanquished Creatures
  2 giant geckos (D:1)
  2 bats
  4 giant cockroaches
  A hobgoblin (D:2)
  4 jackals (D:2)
  A goblin (D:1)
  3 kobolds
  A quokka (D:1)
  2 rats (D:2)
20 creatures vanquished.

Notes
Turn   | Place    | Note
--------------------------------------------------------------
     0 | D:1      | M4edhros, the Octopode Artificer, began the quest for the Orb.
     0 | D:1      | Reached XP level 1. HP: 13/13 MP: 1/1
   506 | D:1      | Reached XP level 2. HP: 18/18 MP: 3/3
   662 | D:2      | Found a radiant altar of Vehumet.
   924 | D:2      | Paralysed by a potion of paralysis for 5 turns
   949 | D:2      | Reached skill level 4 in Stealth
  1065 | D:2      | Slain by a goblin

Action                   || total
-------------------------++-------
Melee: Short sword       ||     9
       Dagger            ||    29
Evoke: Wand              ||     1
  Use: Potion            ||     4
 Stab: Sleeping          ||     5
       Distracted        ||     1
